Map: Neon Violet Square LE

Players

fruitcake - Winner!

  • Race: Terran Terran
  • Spawn Location: 5:00

Wormicide

  • Race: Protoss Protoss
  • Spawn Location: 11:00

VOD

Have the link to the VOD?

Description

Time

  • Played on: May 10, 2018, 6:22 p.m.
  • Length: 22:55
Show
View Real Time Build Order
Export as new Build Order

fruitcake Terran - Winner!

Build Orders: MMM Bio 

Get SALT Encoding   

  12  0:01  SCV  
  13  0:16  Supply Depot  
  13  0:18  SCV  
  14  0:25  Refinery  
  14  0:43  SCV  
  15  0:52  Barracks  
  15  0:55  SCV  
  16  1:08  SCV  
  17  1:20  SCV  
  18  1:33  Command Center  
  18  1:52  Barracks  
  18  1:54  Barracks Reactor  
  18  1:57  SCV, Refinery  
  19  2:09  SCV  
  19  2:31  SCV  
  19  2:32  Marine x2  
  22  2:37  Engineering Bay  
  22  2:43  SCV  
  23  2:50  Barracks Tech Lab  
  23  2:51  Marine x2  
  23  2:55  SCV  
  26  2:59  SCV  
  27  3:08  Marine  
  27  3:09  Marine  
  27  3:11  SCV  
  30  3:23  Marine  
  30  3:26  Marauder  
  30  3:27  Marine  
  32  3:38  SCV  
  32  3:41  Marine  
  34  3:44  Marine  
  34  3:46  Stimpack  
  34  3:47  Marine, Terran Infantry Weapons Level 1  
  36  3:59  Reaper, Orbital Command  
  38  4:02  SCV  
  38  4:19  Factory  
  38  4:25  Ghost Academy  
  38  4:43  Supply Depot  
  38  5:04  Marine x2  
  38  5:05  SCV x2, Marauder  
  44  5:17  SCV x2  
  46  5:23  Factory Tech Lab  
  46  5:49  Marine x2  
  46  5:50  Marine  
  41  6:04  Siege Tank  
  41  6:07  Marine x3  
  45  6:24  Marine  
  45  6:25  Marine x2  
  45  6:42  Marine, Terran Infantry Armor Level 1  
  46  6:50  Refinery  
  46  6:51  Refinery  
  46  6:53  Supply Depot  
  46  6:59  Concussive Shells  
  46  7:09  Engineering Bay  
  46  7:15  Marine x3, SCV x2, Siege Tank  
  54  7:16  Supply Depot  
  54  7:30  Starport  
  54  7:36  Starport  
  54  7:37  Marine x2  
  54  7:38  SCV x2, Marauder  
  54  7:41  Supply Depot  
  60  7:50  SCV x2  
  60  7:51  Combat Shields  
  62  7:55  Marine  
  62  8:00  Marine  
  62  8:02  SCV, Siege Tank  
  62  8:03  Marauder  
  62  8:13  Marine  
  62  8:18  Marine  
  62  8:19  Starport Reactor  
  63  8:20  Medivac  
  63  8:24  Marauder  
  63  8:27  SCV x2  
  68  8:31  Marine  
  70  8:47  Armory  
  70  8:54  Supply Depot x2  
  70  8:58  Starport Reactor  
  70  9:15  SCV, Marine x2, Siege Tank, Medivac x2  
  70  9:16  SCV, Marauder  
  83  9:24  Command Center  
  83  9:27  SCV  
  83  9:28  SCV  
  85  9:33  Marine  
  85  9:35  Terran Infantry Weapons Level 2  
  86  9:50  Supply Depot  
  86  9:51  Supply Depot, Terran Infantry Armor Level 2  
  86  9:52  Supply Depot  
  86  10:00  Refinery  
  86  10:12  Marine, SCV x2, Siege Tank, Medivac, Marauder  
  96  10:16  Missile Turret  
  96  10:18  Sensor Tower  
  96  10:19  Missile Turret  
  96  10:24  SCV  
  97  10:28  Sensor Tower  
  97  10:32  SCV  
  97  10:33  Marauder  
  100  10:35  Marine  
  100  10:36  Marine, SCV  
  100  10:37  Refinery  
  103  10:43  Medivac  
  103  10:44  SCV, Siege Tank  
  103  10:48  SCV  
  103  10:49  SCV  
  111  10:53  Marine  
  111  10:54  Ghost  
  111  10:56  SCV  
  115  11:00  SCV  
  117  11:05  Viking  
  120  11:12  SCV  
  120  11:14  Orbital Command  
  120  11:17  Thor  
  125  11:41  Missile Turret  
  125  11:57  Command Center  
  125  12:01  Command Center  
  125  12:04  Supply Depot  
  125  12:07  Terran Vehicle Weapons Level 1  
  125  12:08  Supply Depot  
  125  12:19  Terran Infantry Weapons Level 3  
  125  12:25  Marine x2, Liberator x2  
  125  12:26  SCV, Liberator, Marauder  
  93  12:43  Marine x2  
  95  12:47  Marauder  
  93  13:01  Marine x2  
  93  13:03  Medivac  
  92  13:08  Liberator x2  
  92  13:09  Marauder  
  89  13:18  Planetary Fortress  
  89  13:19  Marine x2  
  69  13:23  Factory Tech Lab  
  68  13:30  Marauder  
  66  13:37  Marine x2  
  64  13:52  Marauder  
  64  13:54  Marine x2  
  55  14:04  Refinery x2  
  55  14:08  Liberator  
  49  14:12  Marine x2  
  49  14:13  Marauder  
  44  14:30  Marine x2  
  46  14:34  Marine  
  46  14:36  SCV  
  48  14:48  Marine x2, SCV  
  48  14:52  Marine  
  51  14:56  SCV  
  51  15:00  SCV  
  51  15:01  Liberator  
  51  15:03  SCV  
  51  15:06  Marine x2  
  55  15:08  SCV  
  55  15:10  Marauder  
  58  15:16  SCV  
  58  15:20  SCV  
  63  15:24  Marine x2  
  64  15:31  Marauder  
  66  15:41  Marine x2  
  67  15:52  SCV, Marine  
  69  15:58  Sensor Tower  
  69  15:59  Marine x2  
  71  16:04  SCV  
  71  16:08  Barracks  
  71  16:11  Marauder  
  74  16:12  Armory  
  74  16:16  SCV  
  74  16:17  Marine x2  
  77  16:25  Barracks  
  77  16:32  Marauder  
  79  16:35  Marine x2  
  78  16:53  Marine x2, Marauder  
  80  16:56  Barracks  
  80  17:01  SCV  
  81  17:10  Marine x2  
  81  17:13  SCV  
  81  17:15  Marauder  
  86  17:20  Command Center  
  86  17:26  Barracks Reactor  
  86  17:28  Marine x3  
  89  17:35  Marine  
  90  17:42  Marine  
  91  17:46  Marine x3  
  94  17:54  Marauder  
  96  18:00  Marine  
  96  18:03  Marine  
  98  18:14  Sensor Tower  
  98  18:29  Barracks Reactor x2  
  98  18:30  Marine x2, Marauder  
  102  18:40  Medivac  
  104  18:48  Marine x2  
  106  18:52  SCV, Marauder  
  106  18:53  SCV x3  
  112  19:04  SCV  
  112  19:05  SCV x2, Marine x2  
  112  19:06  Marine x4  
  121  19:13  Marauder  
  124  19:17  SCV, Planetary Fortress  
  124  19:19  SCV  
  124  19:22  Planetary Fortress  
  124  19:23  Marine x3  
  128  19:29  SCV  
  129  19:31  Marine, SCV  
  129  19:32  Marine  
  129  19:33  Marine  
  129  19:34  Marauder  
  135  19:41  Marine x3, SCV  
  135  19:42  Terran Infantry Armor Level 3  
  139  19:48  Terran Vehicle And Ship Armor Level 1  
  139  19:49  Marine x2  
  139  19:51  Marine  
  142  19:55  Marine  
  142  19:59  Marine x3  
  146  20:07  Marine x2  
  146  20:08  Marine  
  146  20:13  Marine  
  150  20:16  Sensor Tower  
  150  20:17  Marine x3  
  153  20:22  Supply Depot  
  153  20:25  Marine x2, Supply Depot  
  153  20:26  Marine  
  156  20:39  Marine x3  
  156  20:43  Marine x2, Marauder  
  156  20:44  Marine  
  156  20:45  Supply Depot  
  150  20:57  Marine x3  
  150  21:01  Marine x2  
  150  21:02  Marine  
  156  21:05  Marauder  
  156  21:15  Marine x3  
  152  21:18  Marine  
  152  21:19  Marine  
  152  21:20  Marine  
  155  21:26  Marauder  
  157  21:33  Marine x3  
  157  21:36  Marine x2  
  157  21:37  Marine  
  157  21:39  Medivac  
  183  21:40  Medivac x3  
  171  21:48  Marauder  
  171  21:51  Marine x3  
  176  21:54  Marine x2  
  176  21:55  Marine  
  179  22:08  Marine  
  179  22:14  Supply Depot  
  180  22:19  Marine x2  
  180  22:20  Marine x3, Medivac, Marauder  
  168  22:26  Marine  
  136  22:37  Supply Depot  
Show
View Real Time Build Order
Export as new Build Order

Wormicide Protoss 

Build Orders: 1 Gate Expand 

Get SALT Encoding   

  12  0:04  Probe  
  13  0:20  Pylon  
  13  0:22  Probe  
  14  0:32  Assimilator  
  14  0:42  Gateway  
  14  0:44  Probe  
  15  0:58  Probe  
  16  1:22  Zealot, Nexus  
  16  1:32  Probe  
  19  1:48  Cybernetics Core  
  19  1:49  Probe  
  20  1:57  Zealot  
  22  2:32  Pylon  
  22  2:41  Stalker  
  22  2:44  Probe  
  25  2:47  Probe  
  26  2:59  Probe  
  26  3:02  Warp Gate  
  25  3:34  Sentry  
  25  3:38  Pylon  
  27  3:44  Robotics Facility  
  27  3:45  Probe  
  27  3:47  Probe  
  28  3:49  Assimilator  
  29  4:00  Stalker  
  31  4:07  Gateway  
  31  4:09  Gateway  
  31  4:11  Gateway  
  31  4:13  Gateway  
  31  4:16  Pylon  
  31  4:19  Pylon  
  31  4:20  Probe  
  31  4:22  Probe  
  33  4:24  Pylon  
  33  4:26  Assimilator  
  33  4:30  Assimilator  
  33  4:45  Pylon  
  33  4:52  Stalker  
  33  4:55  Immortal  
  37  5:11  Stalker  
  39  5:15  Zealot x2  
  39  5:18  Zealot  
  45  5:24  Probe  
  38  5:47  Stalker x2  
  34  6:03  Stalker  
  34  6:04  Stalker  
  32  6:06  Stalker x2  
  32  6:10  Immortal  
  38  6:34  Stalker x4  
  46  6:40  Zealot  
  48  6:48  Forge  
  48  6:53  Probe  
  49  6:57  Probe  
  50  7:04  Immortal  
  54  7:19  Pylon  
  54  7:24  Probe  
  54  7:25  Probe  
  56  7:42  Stalker x2  
  56  7:43  Stalker x2  
  64  7:50  Probe  
  65  8:02  Probe  
  58  8:22  Protoss Ground Weapons Level 1  
  58  8:25  Immortal  
  62  8:37  Nexus  
  62  8:38  Stalker  
  62  8:40  Sentry  
  66  8:42  Sentry  
  66  8:45  Sentry  
  70  8:48  Probe  
  71  9:01  Pylon  
  71  9:03  Pylon  
  71  9:08  Twilight Council  
  71  9:19  Stalker  
  71  9:20  Stalker  
  75  9:27  Observer  
  75  9:31  Probe  
  77  9:34  Probe  
  78  9:53  Warp Prism  
  78  9:58  Probe  
  81  10:04  Probe  
  82  10:07  Probe  
  82  10:14  Assimilator, Stalker x2  
  83  10:15  Stalker  
  83  10:17  Assimilator  
  89  10:29  Pylon  
  89  10:32  Pylon  
  89  10:49  Blink  
  89  11:00  Stalker  
  89  11:01  Stalker x3  
  89  11:02  Stalker  
  99  11:05  Probe  
  99  11:06  Probe  
  99  11:08  Probe  
  102  11:24  Stalker x3  
  102  11:25  Stalker  
  100  11:34  Stalker  
  100  11:35  Stalker x2  
  100  11:36  Stalker x2  
  100  11:39  Protoss Ground Weapons Level 2  
  110  11:52  Probe  
  110  11:53  Probe  
  112  11:56  Probe  
  112  12:01  Stalker  
  115  12:02  Stalker x2  
  62  13:59  Stalker x4  
  62  14:00  Stalker  
  74  14:02  Immortal  
  74  14:09  Protoss Ground Weapons Level 3  
  64  14:40  Stalker  
  64  14:41  Stalker x3  
  64  14:42  Stalker  
  74  14:47  Immortal  
  74  14:51  Probe  
  77  14:53  Probe  
  77  14:54  Probe  
  75  15:15  Robotics Bay  
  75  15:21  Pylon  
  67  15:36  Pylon  
  67  15:41  Stalker  
  67  15:42  Stalker x4  
  67  15:45  Probe  
  66  16:00  Nexus  
  66  16:12  Immortal  
  66  16:17  Pylon  
  70  16:20  Pylon  
  70  16:21  Stalker x4  
  70  16:22  Stalker  
  52  17:01  Colossus  
  52  17:04  Stalker  
  52  17:05  Stalker x4  
  67  17:09  Protoss Ground Armor Level 1  
  67  17:14  Pylon  
  67  17:17  Pylon  
  67  17:19  Probe  
  67  17:21  Pylon, Probe  
  69  17:27  Probe  
  70  17:34  Stalker  
  70  17:35  Stalker x2  
  70  17:36  Stalker x2  
  80  17:42  Extended Thermal Lance  
  80  17:53  Templar Archives  
  80  17:55  Robotics Facility  
  80  17:58  Robotics Facility  
  80  18:13  Assimilator  
  80  18:15  Assimilator  
  80  18:19  Stalker x2  
  84  18:22  Sentry x2  
  84  18:23  Nexus, Sentry  
  90  18:31  Disruptor  
  93  18:35  Psionic Storm  
  93  18:38  Probe  
  94  18:44  Pylon  
  94  18:46  Pylon  
  94  18:57  Probe  
  95  19:04  Probe  
  95  19:07  Stalker  
  95  19:08  Stalker x2  
  95  19:09  Stalker x2  
  106  19:21  Colossus  
  112  19:43  Colossus, Probe  
  112  19:44  Colossus  
  124  19:51  Probe x2  
  127  20:01  Probe  
  128  20:15  Stalker x2  
  128  20:16  Stalker x2  
  128  20:17  Stalker  
  85  21:21  Stalker x3  
  85  21:22  Stalker  
  85  21:24  Colossus  
  85  21:25  Colossus x2  
  111  21:46  Stalker x2  
  111  21:47  Stalker x2  
  114  22:11  High Templar  
  114  22:12  High Templar x3  
  114  22:13  High Templar  
Tags
 
Add a new tag
Caveats
  • Supply blocks, unpowered buildings, or Contaminate may cause inaccurate times.
  • Supply counts are checked every 10 seconds.